 Dungeon Crawl Stone Soup version 0.22-a0-247-gbddf880 (webtiles) character file.

111 mortelune the Chiller (level 4, 0/30 HPs)
             Began as a Demonspawn Ice Elementalist on Feb 23, 2018.
             Slain by an orc priest
             ... wielding a +0 club
              (2 damage)
             ... on level 2 of the Dungeon on Feb 24, 2018.
             The game lasted 00:08:04 (4381 turns).

mortelune the Chiller (Demonspawn Ice Elementalist) Turns: 4381, Time: 00:08:05

Health: 0/30       AC:  7    Str:  8    XL:     4   Next: 62%
Magic:  14/18      EV: 12    Int: 18    God:
Gold:   108        SH:  0    Dex: 13    Spells: 4/10 levels left

rFire    . . .     SeeInvis .   r - +0 falchion
rCold    + . .     Gourm    .   (no shield)
rNeg     . . .     Faith    .   a - +0 robe
rPois    .         Spirit   .   (helmet restricted)
rElec    .         Reflect  .   (no cloak)
rCorr    .         Harm     .   (no gloves)
MR       .....                  (no boots)
Stlth    ++++......             (no amulet)
HPRegen  0.10/turn              i - ring of magical power
MPRegen  0.16/turn              s - ring of protection from cold

@: icy armour, slow
A: antennae 1, nightstalker 2
a: no special abilities


You were on level 2 of the Dungeon.
You were very hungry.

You visited 1 branch of the dungeon, and saw 3 of its levels.

You collected 108 gold pieces.

Inventory:

Hand Weapons
 c - a +0 short sword
 l - a +0 whip of electrocution
 r - a +0 falchion (weapon)
Armour
 a - a +0 robe (worn)
Magical Staves
 k - an uncursed staff of air
Jewellery
 i - a ring of magical power (left hand)
 s - a ring of protection from cold (right hand)
Scrolls
 e - a scroll of teleportation
 f - 3 scrolls of enchant weapon
 g - a scroll of magic mapping
 j - a scroll of enchant armour {unknown}
 o - a scroll of amnesia {unknown}
 q - a scroll of remove curse
Potions
 m - 2 potions of haste
 p - a potion of lignification
Comestibles
 b - a ration


   Skills:
 - Level 1.7 Dodging
 - Level 1.7 Stealth
 + Level 3.5 Spellcasting
 - Level 1.0 Conjurations
 + Level 4.0 Ice Magic


You had 4 spell levels left.
You knew the following spells:

 Your Spells              Type           Power        Failure   Level  Hunger
a - Freeze                Ice            ###.         3%          1    None
b - Throw Frost           Conj/Ice       ##....       9%          2    ##.....
c - Ozocubu's Armour      Chrm/Ice       ##......     21%         3    ###....


Dungeon Overview and Level Annotations

Branches:
Dungeon (3/15)

Altars:
Uskayaw


Innate Abilities, Weirdness & Mutations

You have a pair of small antennae on your head.
You are significantly more attuned to the shadows.


Message History

The orc priest hits you with a club! The orc wizard hits you with a dagger.
You climb upwards.
There is a stone staircase leading down here.
Casting: Throw Frost (safe; 9% risk of failure)
Confirm with . or Enter, or press ? or * to list all spells.
A film of ice covers your body!
You are feeling very hungry.
The orc priest invokes the aid of Beogh against you.
Pain shoots through your body!
* * * LOW HITPOINT WARNING * * *
The orc wizard hits you but does no damage.
Casting: Ozocubu's Armour (safe; 21% risk of failure)
Confirm with . or Enter, or press ? or * to list all spells.
Aiming: Freeze (safe; 3% risk of failure)
Press: ? - help, Shift-Dir - straight line, f - orc priest
Aim: an orc priest, wielding a club You freeze the orc priest.
The orc priest is lightly wounded.
The orc priest hits you with a club.
You die...

...).####.#.#..#.#....#
#......
..........#....#.#....#
#####.#
.....######.##...#....# #.#
###### #.###..#....#########.#
#
########'###..#....#.......#.#
#
#.........###.#)...#.......#.#
# #.....)...#
#.#....#.......#.# #
#.......).# #o######.###'###.#
####.........#
#@o...##.###.....#
............##
###.........####..
############# #.........# #..
,,,>* #.........####.. *****
#รท..............
#...............
########........ #######.. #..


You could see an orc priest and an orc wizard.

Vanquished Creatures
  2 adders (D:2)
  2 gnolls (D:3)
  2 worms (D:2)
  3 dart slugs (D:2)
  An orc (D:3)
  3 giant cockroaches
  5 goblins
  10 hobgoblins
  3 jackals (D:2)
  8 kobolds
  A quokka (D:3)
  3 bats
  8 frilled lizards
  9 rats
60 creatures vanquished.

Notes
Turn   | Place    | Note
-------+----------+-------------------------------------------
     0 | D:1      | mortelune the Demonspawn Ice Elementalist began the quest for the Orb.
     0 | D:1      | Reached XP level 1. HP: 13/13 MP: 3/3
   488 | D:1      | Reached skill level 3 in Ice Magic
   555 | D:1      | Gained mutation: You are slightly more attuned to the shadows. [demonic ancestry]
   555 | D:1      | Reached XP level 2. HP: 6/19 MP: 1/5
   820 | D:1      | Learned a level 2 spell: Throw Frost
  1897 | D:2      | Gained mutation: You are significantly more attuned to the shadows. [demonic ancestry]
  1897 | D:2      | Reached XP level 3. HP: 24/24 MP: 1/7
  2437 | D:2      | Learned a level 3 spell: Ozocubu's Armour
  2976 | D:2      | Noticed a hand axe
  2977 | D:2      | Noticed a hand axe
  3009 | D:2      | HP: 1/24 [dart slug/slug dart (5)]
  3016 | D:2      | Gained mutation: You have a pair of small antennae on your head. [demonic ancestry]
  3016 | D:2      | Reached XP level 4. HP: 6/30 MP: 1/8
  3259 | D:2      | Found a hide-covered altar of Uskayaw.
  4237 | D:3      | Reached skill level 4 in Ice Magic
  4381 | D:2      | Slain by an orc priest

Vault maps used:
D:1:      mrwooster_arrival_statue_2
D:2:      lemuel_upstairs_altar, dancing_weapons_uskayaw

Skill      XL: |  1  2  3  4 |
---------------+-------------+-----
Ice Magic      | 3 4 |  4.0
Spellcasting   | 3 |  3.5
Dodging        | |  1.7
Stealth        | |  1.7
Conjurations   | |  1.0

Action                   |  1- 3 |  4- 6 || total
-------------------------+-------+-------++-------
Melee: Short sword       |     3 |       ||     3
       Falchion          |    10 |     1 ||    11
 Cast: Freeze            |    40 |    10 ||    50
       Throw Frost       |    38 |    24 ||    62
       Ozocubu's Armour  |       |     2 ||     2
  Use: Potion            |     1 |       ||     1
       Scroll            |       |     8 ||     8
  Eat: Chunk             |     9 |     4 ||    13
Armor: Robe              |     8 |     2 ||    10
Dodge: Dodged            |    24 |     4 ||    28
       Rpst.: Falchion   |     2 |       ||     2

Table legend:
 A = Spawn XP
 B = Non-spawn XP
 C = Spawn XP percentage of total XP
 D = Spawn monster count
 E = Non-spawn monster count
 F = Spawn count percentage of total count
 G = Total turns spent on level
                    A         B        C        D         E        F      G
               +---------+---------+-------+---------+---------+-------+---------
         Total |       0 |     159 |   0.0 |       0 |      60 |   0.0 |  4381
               +---------+---------+-------+---------+---------+-------+---------
           D:1 |       0 |      33 |   0.0 |       0 |      22 |   0.0 |  1670
           D:2 |       0 |      91 |   0.0 |       0 |      33 |   0.0 |  2585
           D:3 |       0 |      35 |   0.0 |       0 |       5 |   0.0 |   126
               +---------+---------+-------+---------+---------+-------+---------
